 Dungeon Crawl Stone Soup version 0.23-a0-73-g64c3ba73d4 (webtiles) character file.

149 Holzbalken the Cudgeler (level 5, -3/32 HPs)
             Began as a Gargoyle Monk on Aug 10, 2018.
             Slain by a gnoll
             ... wielding a +0 spear
              (8 damage)
             ... on level 2 of the Dungeon.
             The game lasted 00:03:37 (1261 turns).

Holzbalken the Cudgeler (Gargoyle Monk)             Turns: 1261, Time: 00:03:37

Health: -3/32      AC:  6    Str: 16    XL:     5   Next: 31%
Magic:  5/5        EV: 12    Int: 10    God:
Gold:   99         SH:  0    Dex: 12    Spells: 4/4 levels left

rFire    . . .     SeeInvis .   a - +0 mace
rCold    . . .     Gourm    .   (no shield)
rNeg     + . .     Faith    .   b - +0 robe
rPois    ∞         Spirit   .   (no helmet)
rElec    +         Reflect  .   (no cloak)
rCorr    .         Harm     .   (no gloves)
MR       .....                  (no boots)
Stlth    ++........             (no amulet)
HPRegen  0.10/turn              (no ring)
MPRegen  0.09/turn              (no ring)

@: no status effects
A: negative energy resistance 1, electricity resistance, unbreathing,
petrification resistance, rot immunity, AC +4
a: no special abilities


You were on level 2 of the Dungeon.
You were not hungry.

You visited 1 branch of the dungeon, and saw 2 of its levels.

You collected 99 gold pieces.

Inventory:

Hand Weapons
 a - a +0 mace (weapon)
Armour
 b - a +0 robe (worn)
Scrolls
 d - a scroll of magic mapping {unknown}
 f - a scroll of fog {unknown}
 j - 2 scrolls of random uselessness {unknown}
 k - 2 scrolls of blinking {unknown}
 l - a scroll of enchant armour {unknown}
 o - a scroll of remove curse {unknown}
 p - a scroll of fear {unknown}
Potions
 e - 2 potions of flight {unknown}
 g - a potion of might {unknown}
 h - a potion of degeneration {unknown}
 i - 2 potions of brilliance {unknown}
 m - a potion of agility {unknown}
 n - a potion of invisibility {unknown}
 r - a potion of berserk rage {unknown}
 s - 2 potions of ambrosia {unknown}
Comestibles
 c - 6 rations
 q - 3 chunks of flesh


   Skills:
 - Level 3.2 Fighting
 * Level 5.8 Maces & Flails
 - Level 2.4 Dodging
 - Level 2.1 Stealth


You had 4 spell levels left.
You didn't know any spells.
Your spell library was empty.

Dungeon Overview and Level Annotations

Branches:
Dungeon (2/15)

Altars:


Innate Abilities, Weirdness & Mutations

You are resistant to torment.
Your stone body is resilient. (AC +4)
You are immune to poison.
You resist negative energy. (rN+)
You are resistant to electric shocks. (rElec)
You can survive without breathing.
You are immune to petrification.
You are immune to rotting.


Message History

The gnoll closely misses you.
The gnoll hits you from afar with a spear.
* * * LOW HITPOINT WARNING * * *
You closely miss the gnoll.
The gnoll is severely wounded.
The gnoll hits you but does no damage.
You barely miss the gnoll.
The gnoll is severely wounded.
The gnoll closely misses you.
You hit the gnoll.
You kill the gnoll!
You sock the dart slug!
The dart slug is severely wounded.
The gnoll barely misses you.
You barely miss the dart slug.
The dart slug is severely wounded.
The dart slug launches a dart at you. The slug dart misses you.
The gnoll hits you from afar with a spear!
You die...

###########.#g#
#........##.#.#
#........##.#.#
#........##.#.#
#............#
#######....#####.###
...........# #g#
#######....# #w# ....#
#....# #@#
###+###....#####.#.
......##..###.##.#.###
#.....##......##.# ..#
....##.......#.###.#
...##.#.##.......)#
########.#.###.#.#.#.#
.................>.#.#
.........#.###.#.###.#


You could see a gnoll and a dart slug.

Vanquished Creatures
  An ogre (D:2)
  2 gnolls (D:2)
  An adder (D:2)
  2 worms (D:2)
  A ball python (D:1)
  5 bats
  3 giant cockroaches
  7 goblins (D:2)
  6 hobgoblins (D:1)
  2 frilled lizards (D:2)
  4 rats
34 creatures vanquished.

Notes
Turn   | Place    | Note
-------+----------+-------------------------------------------
     0 | D:1      | Holzbalken the Gargoyle Monk began the quest for the Orb.
     0 | D:1      | Reached XP level 1. HP: 14/14 MP: 1/1
    58 | D:1      | Reached XP level 2. HP: 14/19 MP: 2/2
   478 | D:2      | Reached skill level 4 in Maces & Flails
   531 | D:2      | Reached XP level 3. HP: 4/23 MP: 3/3
   930 | D:2      | Noticed an ogre
   946 | D:2      | Killed an ogre
   946 | D:2      | Reached skill level 5 in Maces & Flails
   946 | D:2      | Reached XP level 4. HP: 28/28 MP: 4/4
   946 | D:2      | Reached XP level 5. HP: 32/32 MP: 5/5
  1261 | D:2      | Slain by a gnoll

Vault maps used:
D:1:      saegor_arrival_simple_a
D:2:      first_ration

Skill      XL: |  1  2  3 |
---------------+----------+-----
Maces & Flails | 4 5 |  5.8
Fighting       | |  3.2
Dodging        | |  2.4
Stealth        | |  2.1

Action                   |  1- 3 |  4- 6 || total
-------------------------+-------+-------++-------
Melee: Mace              |    82 |    27 ||   109
 Stab: Sleeping          |     4 |       ||     4
  Eat: Chunk             |       |     1 ||     1
Armor: Robe              |    20 |     4 ||    24
Dodge: Dodged            |    52 |    18 ||    70

Table legend:
 A = Non-vault XP
 B = Vault XP
 C = Vault XP percentage of total XP
 D = Non-vault monster count
 E = Vault monster count
 F = Vault count percentage of total count
 G = Total turns spent on level
                 A         B        C        D         E       F
            +---------+---------+-------+---------+---------+-------
      Total |     213 |       0 |   0.0 |      34 |       0 |   0.0
            +---------+---------+-------+---------+---------+-------
        D:1 |      28 |       0 |   0.0 |      16 |       0 |   0.0
        D:2 |     185 |       0 |   0.0 |      18 |       0 |   0.0
            +---------+---------+-------+---------+---------+-------
